 Dungeon Crawl Stone Soup version 0.20.1-1-g8b1a95d (webtiles) character file.

123 poirepourri the Magician (level 4, -2/21 HPs)
             Began as a Spriggan Enchanter on July 30, 2017.
             Slain by a gnoll
             ... wielding a +2 spear of venom
              (6 damage)
             ... on level 3 of the Dungeon.
             The game lasted 00:09:16 (5116 turns).

poirepourri the Magician (Spriggan Enchanter)       Turns: 5116, Time: 00:09:17

Health: -2/21      AC:  2    Str:  4    XL:     4   Next: 79%
Magic:  11/13      EV:  9    Int: 21    God:
Gold:   122        SH:  0    Dex: 17    Spells: 3/15 levels left

rFire    . . .     SeeInvis +   g - +0 short sword
rCold    . . .     Gourm    .   (shield restricted)
rNeg     . . .     Faith    .   b - +0 robe
rPois    +         Spirit   .   (helmet restricted)
rElec    .         Reflect  .   (no cloak)
rCorr    .         Harm     .   (gloves unavailable)
MR       .....     Rnd*Rage +   (boots unavailable)
Stlth    +++.......             (no amulet)
Regen    0.1/turn               (no ring)
MPRegen  0.2/turn               (no ring)

@: brilliant, lethally poisoned (-2 -> -7), held, very quick
A: unfitting armour, horns 1, see invisible, berserk 1, herbivore 3, speed 3,
poison resistance, slow metabolism 2
a: no special abilities


You were on level 3 of the Dungeon.
You were not hungry.

You visited 1 branch of the dungeon, and saw 3 of its levels.
You also visited: Sewer.

You collected 122 gold pieces.

Inventory:

Hand Weapons
 a - a +1 dagger
 g - a +0 short sword (weapon)
 j - a +0 dagger of holy wrath
Missiles
 k - a throwing net (quivered)
Armour
 b - a +0 robe (worn)
Scrolls
 h - a scroll of teleportation
Potions
 e - 2 potions of flight
 i - a potion of mutation
Books
 c - a book of Maledictions

   Spells                             Type                      Level
   a - Corona                         Hexes                        1
   b - Ensorcelled Hibernation        Hexes/Ice                    2
   c - Confuse                        Hexes                        3
   d - Tukima's Dance                 Hexes                        3
   e - Dazzling Spray                 Conjuration/Hexes            3
Comestibles
 d - a bread ration


   Skills:
 + Level 1.1 Short Blades
 - Level 3.0 Dodging
 - Level 4.4 Stealth
 - Level 6.0 Spellcasting
 - Level 4.0 Hexes


You had 3 spell levels left.
You knew the following spells:

 Your Spells              Type           Power        Failure   Level  Hunger
a - Corona                Hex            #####..      1%          1    None
b - Ensorcelled Hibernat  Hex/Ice        ####..       1%          2    None
c - Confuse               Hex            #####...     1%          3    ##.....
d - Tukima's Dance        Hex            #####...     1%          3    ##.....
e - Dazzling Spray        Conj/Hex       ####..       1%          3    ##.....


Dungeon Overview and Level Annotations

Branches:
Dungeon (3/15)

Altars:
Gozag
Kikubaaqudgha
Vehumet

Annotations:
D:3 Robin


Innate Abilities, Weirdness & Mutations

You are very small and have problems with some larger weapons.
You are too small for most types of armour.
You have supernaturally acute eyesight. (SInv)
You are a herbivore.
You cover ground extremely quickly.
You need consume almost no food.
You have a pair of small horns on your head.
You tend to lose your temper in combat.
Your system is resistant to poisons. (rPois)


Message History

The gnoll hits you from afar with a spear of venom.
You are poisoned. 2 goblins and a gnoll come into view.
You struggle against the net.
You feel sick. The goblin hits you with a club. The gnoll barely misses you.
The gnoll closely misses you. x2
You tear a large gash into the net.
You feel sick.
The goblin shouts!
The goblin hits you but does no damage. The gnoll hits you with a whip.
The gnoll closely misses you.
The gnoll hits you from afar with a spear of venom.
* * * LOW HITPOINT WARNING * * *
Unknown command.
Unknown command.
Unknown command.
Okay, then.
It was a potion of brilliance.
You feel clever all of a sudden. The goblin barely misses you.
The gnoll closely misses you. x2
The gnoll hits you from afar with a spear of venom.
You die...

.. ##. .. ..# .##.##
#. .#g.# ... .g. ....
#g###.....
##########.ggg.#...
...........@gg.....
###
#####......##.....
..## #.###### #..
...########.#
............# #.#
.##.########### #..
.##...........# #.#
.############.#####.#
.# #........#


You could see Robin, 4 gnolls and 3 goblins.

Vanquished Creatures
  3 adders
  A river rat (D:3)
  4 worms
  2 dart slugs
  5 leopard geckos
  5 giant cockroaches
  4 goblins
  3 hobgoblins (D:2)
  4 jackals
  2 ball pythons (D:3)
  7 bats
  4 frilled lizards (D:1)
  10 kobolds
  14 rats
68 creatures vanquished.

Notes
Turn   | Place    | Note
-------+----------+-------------------------------------------
     0 | D:1      | poirepourri the Spriggan Enchanter began the quest for the Orb.
     0 | D:1      | Reached XP level 1. HP: 9/9 MP: 5/5
   206 | D:1      | Reached skill level 3 in Spellcasting
  1038 | D:1      | Reached XP level 2. HP: 13/13 MP: 7/7
  1054 | D:1      | Learned a level 2 spell: Ensorcelled Hibernation
  1336 | D:1      | Reached skill level 4 in Spellcasting
  2090 | D:2      | Reached XP level 3. HP: 13/16 MP: 4/9
  2221 | D:2      | Learned a level 3 spell: Confuse
  2225 | D:2      | Learned a level 3 spell: Tukima's Dance
  3365 | D:2      | Reached skill level 5 in Spellcasting
  3388 | D:2      | Learned a level 3 spell: Dazzling Spray
  3516 | D:2      | Reached XP level 4. HP: 14/21 MP: 2/12
  3697 | D:2      | Found a radiant altar of Vehumet.
  3698 | D:2      | Found an ancient bone altar of Kikubaaqudgha.
  3699 | D:2      | Found an opulent altar of Gozag.
  4472 | D:3      | Found a glowing drain.
  4628 | Sewer    | Entered a sewer
  4637 | Sewer    | Gained mutation: You have a pair of small horns on your head. [potion of mutation]
  4637 | Sewer    | Gained mutation: You tend to lose your temper in combat. [potion of mutation]
  4637 | Sewer    | Gained mutation: Your system is resistant to poisons. (rPois) [potion of mutation]
  4668 | D:3      | Reached skill level 6 in Spellcasting
  5108 | D:3      | Noticed Robin
  5116 | D:3      | Slain by a gnoll

Skill      XL: |  1  2  3  4 |
---------------+-------------+-----
Spellcasting   | 3 4 5 6 |  6.0
Hexes          | 4 |  4.0
Short Blades   | |  1.1
Dodging        | |  3.0
Stealth        | |  4.4

Action                   |  1- 3 |  4- 6 || total
-------------------------+-------+-------++-------
Melee: Dagger            |    53 |       ||    53
       Short sword       |    96 |    76 ||   172
 Cast: Ensorcelled Hiber |    46 |    34 ||    80
       Confuse           |     5 |     4 ||     9
       Dazzling Spray    |       |     1 ||     1
  Use: Scroll            |     4 |     4 ||     8
       Potion            |       |     4 ||     4
 Stab: Sleeping          |    29 |    15 ||    44
       Confused          |     1 |     4 ||     5
  Eat: Bread ration      |     1 |       ||     1
Armor: Robe              |    15 |    13 ||    28
Dodge: Dodged            |   125 |    91 ||   216
